Map: Ley Lines

Players

LigerMaNN - Winner!

  • Race: Zerg Zerg
  • League: Diamond
  • Spawn Location: 1:00

whenInRome

  • Race: Protoss Protoss
  • Spawn Location: 7:00

VOD

Have the link to the VOD?

Description

Time

  • Played on: July 3, 2025, 10:24 p.m.
  • Length: 13:25
Show
View Real Time Build Order
Export as new Build Order

LigerMaNN Zerg - Winner!

Build Orders: Hatch First 

Get SALT Encoding   

  12  0:01  Drone  
  13  0:13  Overlord  
  13  0:16  Drone  
  14  0:31  Drone x2  
  14  0:35  Drone  
  17  0:52  Hatchery  
  17  0:55  Drone  
  17  0:58  Drone  
  18  1:10  Extractor  
  17  1:15  Spawning Pool  
  17  1:17  Drone  
  17  1:20  Drone  
  18  1:28  Drone  
  19  1:42  Drone  
  20  1:50  Drone  
  21  2:00  Overlord  
  21  2:07  Zergling x2  
  22  2:10  Queen x2  
  26  2:15  Metabolic Boost  
  26  2:24  Drone  
  27  2:30  Hatchery  
  27  2:36  Drone  
  28  2:37  Drone x2  
  28  2:40  Drone  
  30  2:56  Queen  
  32  2:59  Zergling x6  
  32  3:00  Zergling x2  
  36  3:25  Overlord x3  
  35  3:41  Zergling x2  
  35  3:42  Zergling x2  
  35  3:45  Zergling x14  
  44  3:56  Zergling x10  
  46  4:11  Drone x2  
  46  4:12  Drone  
  46  4:13  Baneling Nest, Overlord  
  48  4:22  Zergling x10  
  53  4:24  Overlord  
  53  4:30  Queen  
  51  4:48  Zergling x24  
  63  4:57  Baneling x6  
  63  4:59  Zergling x4  
  61  5:07  Drone  
  61  5:08  Drone x3  
  50  5:36  Drone x8  
  50  5:37  Drone x4  
  54  6:04  Zergling x6  
  54  6:05  Zergling x10  
  58  6:15  Extractor  
  53  6:25  Lair  
  53  6:30  Evolution Chamber  
  52  6:34  Drone x10  
  62  6:40  Roach Warren  
  62  6:44  Drone  
  62  6:45  Drone x9  
  71  6:48  Extractor  
  71  6:49  Extractor  
  69  7:07  Spine Crawler  
  68  7:10  Spine Crawler  
  68  7:11  Zerg Missile Weapons Level 1  
  67  7:27  Glial Reconstitution  
  67  7:29  Roach x7  
  81  7:30  Zergling x2  
  81  7:33  Overlord x7  
  82  7:49  Spine Crawler  
  82  7:51  Roach x5  
  89  7:53  Hatchery, Roach  
  89  7:57  Overseer  
  87  8:28  Roach x8  
  87  8:29  Roach x9  
  118  8:42  Drone x5  
  118  8:43  Drone x2  
  118  8:46  Drone  
  118  8:47  Extractor  
  118  8:48  Drone x2  
  127  8:56  Overlord x4  
  127  9:11  Pneumatized Carapace  
  127  9:12  Zerg Missile Weapons Level 2  
  127  9:14  Roach  
  127  9:15  Roach x5  
  139  9:18  Ravager x4  
  143  9:28  Drone x9  
  152  9:41  Overlord x3  
  152  9:43  Roach x4  
  160  9:45  Overlord  
  160  9:49  Ravager  
  160  9:50  Ravager x4  
  156  10:35  Roach x4  
  158  10:36  Roach x20  
  155  10:58  Roach x10  
  175  11:05  Drone x2  
  175  11:06  Extractor  
  176  11:13  Queen  
  178  11:19  Zergling x8  
  151  11:37  Roach x10  
  151  11:38  Roach x5  
  157  11:57  Zergling x10  
  156  12:04  Roach x8  
  156  12:05  Roach x4  
  175  12:17  Drone x3, Extractor  
  175  12:18  Drone, Extractor  
  165  12:32  Infestation Pit  
  165  12:34  Hydralisk Den  
  165  12:36  Drone  
  165  12:37  Drone x6  
  167  12:43  Roach x7  
  182  12:58  Hatchery  
  182  13:02  Roach x5  
Show
View Real Time Build Order
Export as new Build Order

whenInRome Protoss 

Build Orders: 1 Gate Expand 

Get SALT Encoding   

  12  0:00  Probe  
  13  0:12  Probe  
  14  0:17  Pylon  
  14  0:24  Probe  
  15  0:32  Probe  
  15  0:38  Gateway  
  15  0:40  Probe  
  16  0:49  Assimilator  
  17  0:51  Probe  
  18  1:00  Probe  
  19  1:08  Probe  
  19  1:17  Probe  
  21  1:25  Cybernetics Core  
  21  1:29  Probe  
  22  1:41  Nexus  
  22  1:52  Pylon  
  22  1:56  Gateway  
  22  1:58  Probe  
  23  2:10  Adept  
  23  2:13  Assimilator  
  25  2:18  Gateway  
  25  2:21  Warp Gate  
  25  2:27  Probe  
  26  2:39  Probe  
  27  2:50  Adept  
  29  2:51  Probe  
  29  2:52  Probe, Adept  
  33  3:02  Twilight Council  
  33  3:03  Probe  
  33  3:04  Probe  
  35  3:13  Adept  
  35  3:15  Probe  
  35  3:19  Probe, Adept  
  39  3:24  Adept  
  40  3:30  Probe  
  41  3:36  Probe  
  41  3:40  Resonating Glaives, Stalker  
  44  3:53  Probe  
  45  4:07  Probe  
  46  4:17  Pylon  
  46  4:27  Nexus  
  46  4:35  Probe x2  
  48  4:47  Probe x2  
  48  4:52  Adept x2  
  54  4:54  Shield Battery  
  54  4:55  Robotics Facility  
  54  5:10  Probe x2  
  50  5:19  Zealot  
  50  5:20  Zealot x2  
  52  5:22  Probe x2  
  41  5:34  Probe x2  
  41  5:39  Probe  
  41  5:45  Stalker x3  
  41  5:46  Observer, Probe x2  
  41  5:47  Probe  
  52  5:58  Probe  
  52  6:02  Probe  
  50  6:06  Gateway  
  50  6:09  Adept x3  
  52  6:17  Probe  
  50  6:23  Pylon  
  47  6:26  Probe, Assimilator  
  47  6:29  Probe  
  47  6:30  Zealot x3  
  47  6:32  Observer  
  55  6:36  Probe  
  55  6:37  Probe  
  58  6:48  Gateway  
  58  6:50  Probe  
  58  6:51  Probe, Zealot x2  
  58  6:52  Zealot  
  58  6:53  Probe  
  67  6:58  Probe  
  67  6:59  Probe  
  67  7:05  Probe  
  67  7:07  Assimilator  
  74  7:08  Immortal, Probe  
  75  7:20  Zealot  
  77  7:26  Pylon  
  77  7:27  Assimilator  
  77  7:30  Forge  
  77  7:33  Shield Battery  
  77  7:34  Gateway  
  77  7:37  Charge  
  77  7:44  Probe x2, Robotics Bay  
  79  7:45  Pylon  
  79  7:46  Zealot  
  79  7:47  Pylon  
  79  7:49  Sentry  
  83  7:55  Probe  
  83  7:56  Probe  
  85  8:01  Pylon  
  85  8:05  Probe, Assimilator  
  86  8:10  Adept x2  
  86  8:12  Zealot  
  88  8:13  Zealot  
  88  8:31  Stalker, Photon Cannon  
  88  8:32  Adept x2, Zealot  
  88  8:33  Probe  
  88  8:34  Probe x2  
  99  8:40  Colossus  
  99  8:41  Stalker  
  99  8:46  Probe  
  108  8:53  Probe, Photon Cannon  
  109  8:55  Shield Battery  
  109  9:03  Pylon  
  109  9:05  Gateway  
  109  9:08  Gateway  
  109  9:09  Protoss Ground Weapons Level 1  
  109  9:20  Twilight Council  
  109  9:21  Probe x3  
  112  9:32  Stalker x2  
  112  9:33  Probe  
  117  9:42  Pylon  
  117  9:43  Pylon  
  117  9:49  Extended Thermal Lance, Forge  
  117  9:50  Pylon  
  117  9:59  Templar Archives  
  117  10:00  Colossus, Probe x2  
  117  10:01  Probe  
  126  10:12  Stalker x2  
  126  10:13  Stalker  
  132  10:20  Probe x2  
  130  10:25  Sentry  
  124  10:32  Zealot x2  
  96  10:46  Zealot  
  96  10:47  Zealot x3  
  98  10:53  Disruptor  
  98  10:56  Zealot x3  
  98  11:07  Zealot  
  98  11:08  Zealot x3  
  98  11:10  Psionic Storm  
  98  11:11  Nexus  
  106  11:14  Probe x2, Photon Cannon  
  108  11:19  Photon Cannon  
  108  11:20  Stalker  
  98  11:29  Zealot  
  98  11:30  Zealot x2  
  98  11:31  Stalker x3  
  80  11:48  Zealot  
  80  11:53  Zealot x2  
  74  11:55  Stalker x2  
  74  11:56  Stalker  
  58  12:02  Immortal  
  58  12:12  Pylon  
  58  12:14  High Templar  
  60  12:18  Zealot x2  
  60  12:19  Zealot x2  
  66  12:32  Zealot  
  66  12:34  Observer  
  67  12:40  Stalker x2  
  71  12:45  High Templar x2  
  71  12:46  High Templar  
  67  13:14  Stalker x2  
Tags
 
League
Diamond
Matchup
PvZ
Replay Pack
June 2025
Spawn Locations
Cross Positions
Add a new tag
Caveats
  • Supply blocks, unpowered buildings, or Contaminate may cause inaccurate times.
  • Supply counts are checked every 10 seconds.